 Dungeon Crawl Stone Soup version 0.22-a0 (webtiles) character file.

102 KristoblXynda the Charmwright (level 4, -5/22 HPs)
             Began as a Spriggan Skald on Jan 1, 2018.
             Killed from afar by Sigmund (8 damage)
             ... with a magic dart
             ... on level 2 of the Dungeon.
             The game lasted 00:04:30 (3137 turns).

KristoblXynda the Charmwright (Spriggan Skald)      Turns: 3137, Time: 00:04:30

Health: -5/22      AC:  2    Str:  8    XL:     4   Next: 49%
Magic:  4/10       EV: 20    Int: 14    God:
Gold:   133        SH:  0    Dex: 15    Spells: 3/10 levels left

rFire    + . .     SeeInvis +   a - +0 short sword
rCold    . . .     Gourm    .   (shield restricted)
rNeg     . . .     Faith    .   b - +0 robe
rPois    .         Spirit   .   (helmet restricted)
rElec    .         Reflect  .   (no cloak)
rCorr    .         Harm     .   (gloves unavailable)
MR       .....                  (boots unavailable)
Stlth    +.........             (no amulet)
HPRegen  0.07/turn              l - ring of protection from fire
MPRegen  0.12/turn              (no ring)

@: infused, very quick
A: very small, unfitting armour, see invisible, herbivore, speed 3, slow
metabolism 2
a: no special abilities


You were on level 2 of the Dungeon.
You were not hungry.

You visited 1 branch of the dungeon, and saw 2 of its levels.

You collected 133 gold pieces.

Inventory:

Hand Weapons
 a - a +0 short sword (weapon)
Armour
 b - a +0 robe (worn)
Jewellery
 l - a ring of protection from fire (left hand)
Scrolls
 e - 5 scrolls of fog
 f - a scroll of remove curse {unknown}
 h - a scroll of magic mapping {unknown}
 i - a scroll of teleportation {unknown}
 j - a scroll of identify {unknown}
Potions
 g - a potion of agility {unknown}
 k - 2 potions of curing {unknown}
Books
 c - a book of Battle

   Spells                             Type                      Level
   a - Infusion                       Charms                       1
   b - Shroud of Golubria             Charms/Translocation         2
   c - Song of Slaying                Charms                       2
   d - Spectral Weapon                Hexes/Charms                 3
   e - Regeneration                   Charms/Necromancy            3
Comestibles
 d - 7 rations


   Skills:
 - Level 1.5 Fighting
 + Level 3.2 Short Blades
 + Level 4.6 Dodging
 + Level 3.7 Spellcasting
 + Level 5.4 Charms


You had 3 spell levels left.
You knew the following spells:

 Your Spells              Type           Power        Failure   Level  Hunger
a - Infusion              Chrm           ###.         2%          1    None
b - Regeneration          Chrm/Necr      ##........   19%         3    ###....
c - Spectral Weapon       Hex/Chrm       ##......     19%         3    ###....


Dungeon Overview and Level Annotations

Branches:
Dungeon (2/15)

Altars:

Annotations:
D:2 Robin, Sigmund


Innate Abilities, Weirdness & Mutations

You are very small and have problems with some larger weapons.
You are too small for most types of armour.
You have supernaturally acute eyesight. (SInv)
You are a herbivore.
You cover ground extremely quickly.
You need consume almost no food.


Message History

You kill the goblin!
You closely miss the goblin. The goblin closely misses you.
Sigmund says, "You will soon forget everything."
Sigmund mumbles some strange words.
Sigmund flickers and vanishes for a moment.
You hit the goblin!
You kill the goblin!
Robin roars a battlecry!
The goblin goes into a battle-frenzy!
The goblin hits you with a club.
You closely miss the goblin. Robin throws the goblin at you!
The goblin hits you with a club. The goblin completely misses you.
The goblin hits you with a dagger.
* * * LOW HITPOINT WARNING * * *
Robin roars a battlecry!
There is an escape hatch in the ceiling here.
You see here 4 stones.
Sigmund casts a spell at you. The magic dart hits you!
You die...

### .## #..# ###. ..# ...
#.#####.g# #... #.##### #.#
#......g.## #... ......# #.#
######...## #... #.###.# #.###
##.....## #... #.# #.# #.#.##
##)@))...## #.g#
#.###.###....####.....†...####...
..................g.......'......
#####.###.......@g........####$..
#.# #...####.#.......## #..#
#####.# #..#####.##.....## #.#
......# #.....##.###...## #.
####### ##.##.##.# ##'## #.##
#.##.##.# #.# #... #.##.##.# #.#
#### #.......# ##.##
####.######..(##


You could see Sigmund (invisible), Robin and 3 goblins.

Vanquished Creatures
  Jessica (D:2)
  An adder (D:2)
  An ooze (D:2)
  An adder zombie (D:2)
  2 dart slugs
  3 leopard geckos (D:2)
  A bat zombie (D:2)
  3 giant cockroaches
  11 goblins
  6 hobgoblins
  4 jackals (D:2)
  A quokka (D:2)
  A ball python skeleton (D:2)
  3 bats
  A frilled lizard (D:2)
  A jackal skeleton (D:2)
  2 kobolds (D:1)
  7 rats
50 creatures vanquished.

Notes
Turn   | Place    | Note
-------+----------+-------------------------------------------
     0 | D:1      | KristoblXynda the Spriggan Skald began the quest for the Orb.
     0 | D:1      | Reached XP level 1. HP: 10/10 MP: 5/5
   855 | D:1      | Reached XP level 2. HP: 13/14 MP: 6/6
  1598 | D:2      | Reached XP level 3. HP: 9/18 MP: 5/8
  1746 | D:2      | Learned a level 3 spell: Regeneration
  1750 | D:2      | Learned a level 3 spell: Spectral Weapon
  1779 | D:2      | Reached skill level 5 in Charms
  2100 | D:2      | Noticed Jessica
  2102 | D:2      | Noticed Robin
  2868 | D:2      | Reached XP level 4. HP: 22/22 MP: 6/10
  2908 | D:2      | Killed Jessica
  3128 | D:2      | Noticed Sigmund
  3137 | D:2      | Killed from afar by Sigmund

Vault maps used:
D:1:      minmay_arrival_stone_box
D:2:      first_ration, serial_undead, serial_undead_a, serial_undead_c,
          serial_undead_d, serial_undead_b, serial_undead_d, uniq_robin,
          uniq_jessica, uniq_sigmund

Skill      XL: |  1  2  3 |
---------------+----------+-----
Spellcasting   | 3 |  3.7
Dodging        | 4 |  4.6
Charms         | 5 |  5.4
Short Blades   | 3 |  3.2
Fighting       | |  1.5

Action                   |  1- 3 |  4- 6 || total
-------------------------+-------+-------++-------
Melee: Short sword       |   154 |    24 ||   178
 Cast: Infusion          |    10 |     2 ||    12
  Use: Scroll            |     2 |       ||     2
 Stab: Sleeping          |     3 |       ||     3
Armor: Robe              |    17 |       ||    17
Dodge: Dodged            |   134 |    21 ||   155

Table legend:
 A = Spawn XP
 B = Non-spawn XP
 C = Spawn XP percentage of total XP
 D = Spawn monster count
 E = Non-spawn monster count
 F = Spawn count percentage of total count
 G = Total turns spent on level
                    A         B        C        D         E        F      G
               +---------+---------+-------+---------+---------+-------+---------
         Total |       0 |     146 |   0.0 |       0 |      50 |   0.0 |  3137
               +---------+---------+-------+---------+---------+-------+---------
           D:1 |       0 |      25 |   0.0 |       0 |      15 |   0.0 |  1810
           D:2 |       0 |     121 |   0.0 |       0 |      35 |   0.0 |  1327
               +---------+---------+-------+---------+---------+-------+---------
